 Dungeon Crawl Stone Soup version 0.30.1-11-g7821555f0a (webtiles) character file.

Game seed: 18274455657282343873

65 megajambo the Digger (level 4, -1/24 HPs)
             Began as a Gargoyle Earth Elementalist on Nov 23, 2023.
             Slain by Crazy Yiuf
             ... wielding a +2 quarterstaff of chaos
              (4 damage)
             ... on level 2 of the Dungeon.
             The game lasted 00:08:52 (2049 turns).

megajambo the Digger (Gargoyle Earth Elementalist)  Turns: 2049, Time: 00:08:53

Health: -1/24      AC:  5    Str: 11    XL:     4   Next: 13%
Magic:  0/7        EV: 11    Int: 18    God:
Gold:   69         SH:  0    Dex: 10    Spells: 4/8 levels left

rFire   . . .        r - +1 hand axe (freeze)
rCold   . . .        (no shield)
rNeg    + . .        a - +0 robe
rPois   ∞            (no helmet)
rElec   +            (no cloak)
rCorr   .            (no gloves)
SInv    .            (no boots)
Will    .....        (no amulet)
Stlth   ++           (no ring)
HPRegen 0.24/turn    (no ring)
MPRegen 0.10/turn

%: no passive effects
@: no status effects
A: sickness immunity, AC +3, negative energy resistance 1, electricity
resistance, torment resistance 1, petrification resistance
a: no special abilities


You were on level 2 of the Dungeon.
You visited 1 branch of the dungeon, and saw 2 of its levels.

You collected 69 gold pieces.

Inventory:

Hand Weapons
 p - a +0 rapier
 r - a +1 hand axe of freezing (weapon)
 t - a +0 spear
Missiles
 c - 18 stones (quivered)
 g - 2 boomerangs
 j - 3 poisoned darts
Armour
 a - a +0 robe (worn)
Magical Staves
 h - a staff of air
Wands
 k - a wand of charming (4)
Scrolls
 d - a scroll of identify {unknown}
 n - 2 scrolls of enchant armour {unknown}
 q - a scroll of teleportation {unknown}
Potions
 b - a potion of magic
 e - a potion of berserk rage {unknown}
 i - 3 potions of curing {unknown}
 m - a potion of flight {unknown}
 o - a potion of invisibility {unknown}
 s - a potion of might {unknown}


   Skills:
 - Level 1.5 Dodging
 - Level 2.1 Stealth
 + Level 2.5 Spellcasting
 + Level 1.4 Hexes
 - Level 0.7 Transmutations
 - Level 5.0 Earth Magic


You had 4 spell levels left.
You knew the following spells:

 Your Spells              Type           Power      Damage    Failure   Level
a - Sandblast             Erth           40%        2d10      2%          1
b - Passwall              Tmut/Erth      10%        N/A       9%          2
c - Slow                  Hex            28%        N/A       10%         1

Your spell library contained the following spells:

 Spells                   Type           Power      Damage    Failure   Level
 Stone Arrow              Conj/Erth      22%        3d8       19%         3
 Confusing Touch          Hex            7%         N/A       28%         3
 Vampiric Draining        Necr           2%         2d6       45%         3
 Petrify                  Tmut/Erth      12%        N/A       47%         4


Dungeon Overview and Level Annotations

Branches:
Dungeon (2/15)

Altars:

Annotations:
D:2 Crazy Yiuf


Innate Abilities, Weirdness & Mutations

You are immune to sickness and miasma.
Your stone body is resilient. (AC +3)
You are immune to poison.
You resist negative energy. (rN+)
You are resistant to electric shocks. (rElec)
You are resistant to unholy torment.
You are immune to petrification.


Message History

You hit the fungus.
The fungus begins to die.
You freeze the fungus.
The fungus is lightly damaged.
You hit the fungus. You freeze the fungus.
The fungus is lightly damaged.
You hit the fungus. You freeze the fungus.
The fungus is lightly damaged.
A nearby fungus withers and dies.
Found a hammer.
Found a runed translucent door.
Crazy Yiuf shouts!
You open the door.
Casting: Sandblast (safe; 2% risk of failure)
Confirm with . or Enter, or press ? or * to list all spells.
Aiming: Sandblast (safe; 2% risk of failure)
Press: ? - help, Shift-Dir - straight line, f - Crazy Yiuf
Aim: Crazy Yiuf, wielding a +2 quarterstaff of chaos and wearing a +2 cloak of stealth (85% to hit)
The blast of sand hits Crazy Yiuf but does no damage.
Crazy Yiuf barely misses you.
Casting: Sandblast (safe; 2% risk of failure)
Confirm with . or Enter, or press ? or * to list all spells.
Aiming: Sandblast (safe; 2% risk of failure)
Press: ? - help, Shift-Dir - straight line, f/p - Crazy Yiuf
Aim: Crazy Yiuf, wielding a +2 quarterstaff of chaos and wearing a +2 cloak of stealth (85% to hit)
The blast of sand misses Crazy Yiuf.
Crazy Yiuf hits you with a +2 quarterstaff of chaos.
You resist with some effort.
Crazy Yiuf cries, "You leg down broken song, no?"
Crazy Yiuf hits you with a +2 quarterstaff of chaos.
You feel your power leaking away.
Casting: Sandblast (safe; 2% risk of failure)
Confirm with . or Enter, or press ? or * to list all spells.
Aiming: Sandblast (safe; 2% risk of failure)
Press: ? - help, Shift-Dir - straight line, f/p - Crazy Yiuf
Aim: Crazy Yiuf, wielding a +2 quarterstaff of chaos and wearing a +2 cloak of stealth (85% to hit)
The blast of sand hits Crazy Yiuf.
Crazy Yiuf is moderately wounded.
Crazy Yiuf hits you with a +2 quarterstaff of chaos!
Ouch! That really hurt!
* * * LOW HITPOINT WARNING * * *
Crazy Yiuf freezes you.
You die...

##########.####.........#
#..........#
######.##.###
#.########.# #..........
##.# ### ####....... #..#
####.### #.###♣♣♣♣♣ #.#
#.#....♣.♣♣♣ ### #.#
#.......♣..♣#...# #.###
#....♣P♣♣♣♣@g...# #....
##...P♣♣ ♣♣#..)# #####
####♣♣ ### # # #


You could see Crazy Yiuf.

Vanquished Creatures
  2 adders (D:2)
  A worm (D:2)
  3 dart slugs
  3 endoplasms (D:1)
  4 giant cockroaches
  2 goblins
  4 hobgoblins
  A kobold (D:1)
  A quokka (D:1)
  4 ball pythons
  3 bats
  A frilled lizard (D:1)
  8 rats
37 creatures vanquished.

Notes
Turn   | Place    | Note
-------+----------+-------------------------------------------
     0 | D:1      | megajambo the Gargoyle Earth Elementalist began the quest
                  | for the Orb.
     0 | D:1      | Reached XP level 1. HP: 10/10 MP: 3/3
    83 | D:1      | Reached skill level 4 in Earth Magic
   163 | D:1      | Reached XP level 2. HP: 15/15 MP: 3/5
   441 | D:1      | Learned a level 2 spell: Passwall
   592 | D:1      | Learned a level 1 spell: Slow
   696 | D:1      | Reached XP level 3. HP: 19/19 MP: 4/6
  1093 | D:2      | Reached skill level 5 in Earth Magic
  1260 | D:2      | Reached skill level 1 in Hexes
  1538 | D:2      | Reached XP level 4. HP: 24/24 MP: 5/7
  2042 | D:2      | Found a runed translucent door.
  2043 | D:2      | Noticed Crazy Yiuf
  2049 | D:2      | Slain by Crazy Yiuf

Illustrated notes

Levels and vault maps discovered:
D:1:      dpeg_arrival_round_c, layout_basic
D:2:      layout_loops_ring, uniq_crazy_yiuf_cottage

Skill      XL: |  1  2  3 |
---------------+----------+-----
Earth Magic    | 4 5 |  5.0
Hexes          | 1 |  1.4
Dodging        | |  1.5
Stealth        | |  2.1
Spellcasting   | |  2.5
Transmutations | |  0.7

Action                     |  1- 3 |  4- 6 || total
---------------------------+-------+-------++-------
  Melee: Staff             |     1 |       ||     1
         Hand axe          |       |     7 ||     7
  Throw: Stone             |     1 |       ||     1
   Cast: Sandblast         |    45 |    10 ||    55
 Armour: Robe              |     3 |       ||     3
  Dodge: Dodged            |     2 |     1 ||     3
